 Dungeon Crawl Stone Soup version 0.25.1-2-g60ff931df9 (webtiles) character file.

Game seed: 17119243499784044033

430 hawla the Conjurer (level 6, 0/45 HPs)
             Began as a Draconian Venom Mage on Nov 12, 2020.
             Killed by divine providence
             ... invoked by an orc priest
              (11 damage)
             ... on level 3 of the Dungeon.
             The game lasted 00:09:41 (3576 turns).

hawla the Conjurer (Draconian Venom Mage)           Turns: 3576, Time: 00:09:42

Health: 0/45       AC:  6    Str: 11    XL:     6   Next: 66%
Magic:  0/16       EV: 12    Int: 17    God:
Gold:   150        SH:  0    Dex: 11    Spells: 12/19 levels left

rFire    . . .     SeeInvis .   (no weapon)
rCold    . . .     Gourm    .   (no shield)
rNeg     . . .     Faith    .   (armour unavailable)
rPois    .         Spirit   .   (helmet restricted)
rElec    .         Reflect  .   (no cloak)
rCorr    .         Harm     .   (no gloves)
MR       .....                  (no boots)
Stlth    ++........             (no amulet)
HPRegen  0.15/turn              (no ring)
MPRegen  0.15/turn              (no ring)

@: slowed, very slow
A: unfitting armour, cold-blooded, AC +6
a: no special abilities


You were on level 3 of the Dungeon.
You were hungry.

You visited 1 branch of the dungeon, and saw 3 of its levels.

You collected 150 gold pieces.

Inventory:

Missiles
 c - 16 poisoned darts (quivered)
Scrolls
 a - a scroll of enchant armour
 d - a scroll of amnesia
 h - a scroll of magic mapping
 j - 2 scrolls of identify
 l - a scroll of fear {unknown}
 n - a scroll of remove curse {unknown}
Potions
 e - a potion of stabbing
 f - 2 potions of lignification
 i - a potion of invisibility
 k - a potion of flight {unknown}
 o - a potion of degeneration {unknown}
Comestibles
 b - 3 rations
 m - 4 chunks of flesh


   Skills:
 - Level 1.7 Dodging
 - Level 1.7 Stealth
 - Level 7.1 Spellcasting
   Level 7.3 Conjurations
   Level 5.0 Translocations
 + Level 3.7 Transmutations
 + Level 1.8 Air Magic
 + Level 4.7 Poison Magic


You had 12 spell levels left.
You knew the following spells:

 Your Spells              Type           Power        Failure   Level  Hunger
a - Sting                 Tmut/Pois      ###.         1%          1    None
b - Poisonous Vapours     Pois/Air       ###...       4%          2    None
c - Olgreb's Toxic Radia  Pois           ###.....     16%         4    ####...

Your spell library contained the following spells:

 Spells                   Type           Power        Failure   Level  Hunger
 Mephitic Cloud           Conj/Pois/Air  ###.....     4%          3    ##.....
 Ignite Poison            Fire/Tmut/Pois ###.....     11%         3    ##.....


Dungeon Overview and Level Annotations

Branches:
Dungeon (3/15)

Altars:
Elyvilon
Hepliaklqana
Kikubaaqudgha


Innate Abilities, Weirdness & Mutations

Your plain brown scales are hard. (AC +6)
You cannot fit into any form of body armour.
You are cold-blooded and may be slowed by cold attacks.


Message History

You are feeling hungry.
The orc priest calls down the wrath of Beogh upon you.
Pain shoots through your body!
The orc priest calls down the wrath of Beogh upon you.
You barely resist.
The orc priest calls down the wrath of Beogh upon you.
Pain shoots through your body!
* * * LOW HITPOINT WARNING * * *
It was a potion of experience.
You feel more experienced!
Your Spellcasting skill gained 5 levels and is now at level 7!
Your Conjurations skill gained 7 levels and is now at level 7!
Your Translocations skill gained 5 levels and is now at level 5!
You have reached level 6!
Your experience leads to an increase in your attributes!
Increase (S)trength, (I)ntelligence, or (D)exterity?
You feel clever.
Your scales feel tougher.
The orc priest calls down the wrath of Beogh upon you.
Beogh smites you!
You die...

##########
#........# ##
#........# ..# .
#........# ...#
###...@....####...#
#.'.....)..#.......
#.#..).o...#..>....
#.#.......)#...o...
#.######......###
#.....##......#.#
#.....##........#
#....)#P.PP#....#
#.....'PP.##.._.#


You could see an orc priest (very poisoned).

Vanquished Creatures
  A hound (D:3)
  3 orc wizards
  2 adders
  A howler monkey skeleton (D:3)
  2 oozes (D:1)
  3 worms (D:2)
  A dart slug (D:2)
  A leopard gecko (D:3)
  9 orcs
  A giant cockroach (D:3)
  11 goblins
  5 hobgoblins
  A jackal (D:2)
  6 kobolds
  A ball python (D:2)
  4 bats
  A frilled lizard (D:3)
  A rat (D:1)
54 creatures vanquished.

Notes
Turn   | Place    | Note
-------+----------+-------------------------------------------
     0 | D:1      | hawla the Draconian Venom Mage began the quest for the Orb.
     0 | D:1      | Reached XP level 1. HP: 14/14 MP: 3/3
   383 | D:1      | Reached XP level 2. HP: 20/20 MP: 3/5
   387 | D:1      | Learned a level 2 spell: Poisonous Vapours
   808 | D:1      | Reached XP level 3. HP: 23/26 MP: 0/6
   941 | D:2      | Found a hazy altar of Hepliaklqana.
  1593 | D:2      | Reached XP level 4. HP: 33/33 MP: 2/7
  2626 | D:3      | Found a white marble altar of Elyvilon.
  2709 | D:3      | Learned a level 4 spell: Olgreb's Toxic Radiance
  2964 | D:3      | Reached skill level 1 in Air Magic
  3119 | D:3      | Reached XP level 5. HP: 22/38 MP: 0/8
  3494 | D:3      | Found an ancient bone altar of Kikubaaqudgha.
  3576 | D:3      | Reached skill level 5 in Translocations
  3576 | D:3      | Reached XP level 6. HP: 11/45 MP: 0/16
  3576 | D:3      | Killed from afar by an orc priest

Illustrated notes

Levels and vault maps discovered:
D:1:      heliophobic_arrival_battle_scene, layout_rooms,
          hangedman_decor_peaks_small
D:2:      minmay_wonky_spiral, layout_basic, old_standard_altar,
          minmay_misc_feat_rugged, minmay_close_crescents
D:3:      layout_basic, kiku_gazebo_garden_becter, elyvilon_altar_4

Skill      XL: |  1  2  3  4  5 |
---------------+----------------+-----
Transmutations | 2 3 |  3.7
Poison Magic   | 4 |  4.7
Air Magic      | 1 |  1.8
Spellcasting   | 7 |  7.1
Conjurations   | 7 |  7.3
Translocations | 5 |  5.0
Dodging        | |  1.7
Stealth        | |  1.7

Action                   |  1- 3 |  4- 6 || total
-------------------------+-------+-------++-------
Melee: Unarmed           |    17 |    17 ||    34
       Tailslap          |     1 |     4 ||     5
Throw: Dart              |    10 |       ||    10
 Cast: Sting             |    46 |    26 ||    72
       Poisonous Vapours |     7 |    28 ||    35
       Olgreb's Toxic Ra |       |     2 ||     2
  Use: Scroll            |     4 |     4 ||     8
       Potion            |       |     1 ||     1
  Eat: Chunk             |     3 |     6 ||     9
       Ration            |       |     1 ||     1
Armor: Skin              |    18 |    10 ||    28
Dodge: Dodged            |    41 |    21 ||    62
